 Dungeon Crawl Stone Soup version 0.16-a0-783-gf476f6a (webtiles) character file.

321 RobertPalmer the Cudgeler (level 6, -3/53 HPs)
             Began as an Ogre Wizard on Sept 26, 2014.
             Slain by a centaur
             ... wielding a cursed -1 shortbow
              (9 damage)
             ... on Level 4 of the Dungeon.
             The game lasted 00:15:03 (4909 turns).

RobertPalmer the Cudgeler (Ogre Wizard)             Turns: 4909, Time: 00:15:04

HP  -3/53        AC  3     Str 15 (18) XL: 6   Next: 46%
MP  11/13        EV 10     Int 17      God:
Gold 212         SH  0     Dex 10      Spells:  4 memorised,  5 levels left

rFire  . . .     SeeInvis .     a - +0 giant spiked club
rCold  . . .     Clarity  .     o - +0 robe
rNeg   . . .     rCorr    .     (shield restricted)
rPois  +         rRot     .     w - +0 hat
rElec  .         Spirit   .     (no cloak)
SustAb .         Warding  .     (gloves unavailable)
rMut   .         Stasis   .     (boots unavailable)
Gourm  .                        (no amulet)
MR     .....                    k - ring of stealth
                                r - ring of poison resistance

@: mighty, not resistant to hostile enchantments, unstealthy
A: unfitting armour, tough skin 1
a: no special abilities


You were on level 4 of the Dungeon.
You were not hungry.

You visited 1 branch of the dungeon, and saw 4 of its levels.

You collected 212 gold pieces.


Innate Abilities, Weirdness & Mutations

You are too large for most types of armour.
You have tough skin (AC +1).


   Skills:
 + Level 6.6 Maces & Flails
 - Level 3.1 Dodging
 - Level 1.5 Stealth
 - Level 3.6 Spellcasting
 - Level 1.6 Conjurations
 - Level 0.6 Summonings
 - Level 0.6 Translocations


You had 5 spell levels left.
You knew the following spells:

 Your Spells              Type           Power        Failure   Level  Hunger
b - Blink                 Tloc           N/A          21%         2    ##.....
d - Repel Missiles        Chrm/Air       #.....       30%         2    ##.....
x - Call Imp              Summ           #.......     21%         2    ##.....
z - Magic Dart            Conj           #...         10%         1    None

Inventory:

Hand weapons
 a - a +0 giant spiked club (weapon)
 b - a +0 blowgun
Missiles
 p - 30 poisoned needles
Armour
 o - a +0 robe (worn)
 w - a +0 hat (worn)
Magical devices
 e - a wand of disintegration (16)
Comestibles
 d - a meat ration
 l - 2 bread rations
 v - a beef jerky
 z - a chunk of kobold flesh {@*1}
 A - 2 chunks of worker ant flesh {@*1}
Scrolls
 q - 2 scrolls of immolation {!r}
 t - 2 scrolls of identify
Jewellery
 f - an uncursed ring of sustain abilities
 k - a ring of stealth (right hand)
 n - an uncursed ring of protection from cold
 r - a ring of poison resistance (left hand)
Potions
 i - a potion of cure mutation
 m - a potion of heal wounds {unknown}
Books
 c - a book of Minor Magic

Dungeon Overview and Level Annotations

Branches:
Dungeon (4/15)
 Temple: D:4-7

Altars:
Fedhas

Annotations:
D:4 ztt's ghost, average VSBe

#...## ###.....#
#...##......##
#....###### ###..## #
##############..######
#.....................
#...........#########.
#..........## ########
#...c@(....# #.......
#..........# #.......
#.....>....# #)......
#..........# #.......
#...W......# #.......
....[.......# #.......
############ #.......
########


You could see a phantom (inner flame) and a centaur (inner flame).


Message History

* * * LOW HITPOINT WARNING * * *
The phantom completely misses you.
Read which item? (? for menu, Esc to quit)
As you read the scroll labeled QIHANT ACRIE, it crumbles to dust.
You hear a loud clanging noise!
It was a scroll of noise.
The centaur hits you with a runed shortbow.
* * * LOW HITPOINT WARNING * * *
The centaur hits you with a runed shortbow.
* * * LOW HITPOINT WARNING * * *
The phantom hits you but does no damage.
Drink which item? (? for menu, Esc to quit)
Your magical effects are unravelling.
You feel magically purged.
It was a potion of cancellation.
The centaur hits you with a runed shortbow.
* * * LOW HITPOINT WARNING * * *
The phantom hits you.
* * * LOW HITPOINT WARNING * * *
The phantom blinks!
Drink which item? (? for menu, Esc to quit)
There was something very wrong with that liquid!
You feel weakened.
It was a potion of degeneration.
The centaur hits you with a runed shortbow.
* * * LOW HITPOINT WARNING * * *
Drink which item? (? for menu, Esc to quit)
You feel very mighty all of a sudden.
It was a potion of might.
The centaur closely misses you.
The centaur hits you with a runed shortbow!
You die...

Action                   |  1- 3 |  4- 6 || total
-------------------------+-------+-------++-------
Melee: Club              |    78 |    66 ||   144
       Short sword       |    57 |    42 ||    99
       Giant spiked club |       |    14 ||    14
 Fire: Blowgun           |       |    14 ||    14
 Cast: Magic Dart        |    42 |    66 ||   108
       Call Imp          |     3 |    10 ||    13
       Blink             |       |     2 ||     2
       Repel Missiles    |       |     1 ||     1
Evoke: Wand              |       |     1 ||     1
  Use: Scroll            |     8 |     3 ||    11
       Potion            |       |     3 ||     3
 Stab: Sleeping          |     3 |     6 ||     9
       Distracted        |     1 |       ||     1
  Eat: Chunk             |     2 |     8 ||    10
       Pizza             |     1 |     1 ||     2

Vault maps used:
D:1:      minmay_arrival_split_and_join
D:2:      first_bread, uniq_iyjb
D:3:      fedhas_altar_3, uniq_terence
D:4:      portal_sewer_entry_e

Notes
Turn   | Place    | Note
--------------------------------------------------------------
     0 | D:1      | RobertPalmer, the Ogre Wizard, began the quest for the Orb.
     0 | D:1      | Reached XP level 1. HP: 16/16 MP: 4/4
   195 | D:1      | Reached skill level 1 in Conjurations
   386 | D:1      | Reached XP level 2. HP: 24/24 MP: 6/6
   957 | D:1      | Reached skill level 1 in Maces & Flails
  1209 | D:1      | Reached XP level 3. HP: 31/31 MP: 8/8
  1295 | D:1      | Reached skill level 2 in Maces & Flails
  1436 | D:2      | Learned a level 2 spell: Blink
  1439 | D:2      | Learned a level 2 spell: Call Imp
  1442 | D:2      | Learned a level 2 spell: Repel Missiles
  2228 | D:2      | Noticed Ijyb
  2278 | D:2      | Killed Ijyb
  2278 | D:2      | Reached skill level 3 in Maces & Flails
  2278 | D:2      | Reached XP level 4. HP: 26/39 MP: 7/10
  2676 | D:3      | Reached skill level 4 in Maces & Flails
  3091 | D:3      | Found a blossoming altar of Fedhas.
  3208 | D:3      | Reached skill level 5 in Maces & Flails
  3208 | D:3      | Reached XP level 5. HP: 25/45 MP: 2/11
  3817 | D:3      | Reached skill level 6 in Maces & Flails
  4135 | D:3      | Noticed Terence
  4177 | D:3      | Killed Terence
  4509 | D:3      | Reached skill level 2 in Dodging
  4516 | D:3      | Reached XP level 6. HP: 53/53 MP: 13/13
  4632 | D:4      | Reached skill level 3 in Dodging
  4678 | D:4      | Noticed ztt's ghost (average VSBe)
  4909 | D:4      | Slain by a centaur

Vanquished Creatures
  A hound (D:3)
  An iguana (D:3)
  2 worker ants
  Ijyb (D:2)
  2 gnolls (D:3)
  3 adders
  A giant mite (D:3)
  A worm (D:2)
  2 giant geckos (D:3)
  An ooze (D:2)
  An orc (D:4)
  A ball python (D:1)
  5 giant cockroaches
  8 goblins
  6 hobgoblins
  6 jackals
  A quokka (D:3)
  7 bats
  3 giant newts
  10 kobolds
  7 rats
  A rat skeleton (D:4)
71 creatures vanquished.

Vanquished Creatures (collateral kills)
  An ogre (D:4)
  Terence (D:3)
  2 gnolls (D:3)
  A worm (D:3)
  A giant gecko (D:2)
  A giant cockroach (D:2)
  2 hobgoblins
  A jackal (D:3)
10 creatures vanquished.

Vanquished Creatures (others)
  A white imp (D:3)
1 creature vanquished.

Grand Total: 82 creatures vanquished
